 Dungeon Crawl Stone Soup version 0.31-a0-867-g9b2fd80f0c (webtiles) character file.

Game seed: 2098360124454796120

207294 BinkBink the Worldbinder (level 18, -8/94 (107) HPs)
             Began as a Barachi Summoner on Oct 11, 2023.
             Was the Champion of Cheibriados.
             Killed from afar by a deep elf knight (31 damage)
             ... with a lance of force
             ... on level 1 of the Elven Halls.
             The game lasted 02:43:52 (53866 turns).

BinkBink the Worldbinder (Barachi Summoner)        Turns: 53866, Time: 02:43:52

HP:   -8/94 (107)   AC: 14    Str: 18    XL:     18   Next: 74%
MP:   7/41          EV: 46    Int: 38    God:    Cheibriados [******]
Gold: 1967          SH:  0    Dex: 43    Spells: 36/56 levels left

rFire   . . .        k - +3 dagger of the Endless Expanse {pain, rElec rPois Str-2 Dex+4}
rCold   . . .        (no shield)
rNeg    . . .        D - +2 robe {Will+}
rPois   +            K - +1 helmet
rElec   +            q - +0 cloak
rCorr   .            i - +2 pair of gloves
SInv    +            p - +0 pair of boots
Will    ++...        C - amulet "Qass" {Regen+ Str-5 Dex+5}
Stlth   ++++         m - ring of see invisible
HPRegen 1.15/turn    L - +6 ring of dexterity
MPRegen 0.27/turn

%: no passive effects
@: unable to hop, heavily drained, very slow
A: amphibious, slowness 1, strong legs 2, +LOS, iridescent scales 1, mutation
resistance 1, shaggy fur 1
}: 1/15 runes: barnacled
a: Hop, Renounce Religion, Bend Time, Temporal Distortion, Slouch, Step From
Time


You were on level 1 of the Elven Halls.
You worshipped Cheibriados.
Cheibriados was exalted by your worship.
You visited 7 branches of the dungeon, and saw 29 of its levels.
You also visited: Sewer and Ossuary.

You collected 2981 gold pieces.
You spent 1014 gold pieces at shops.

Inventory:

Hand Weapons
 k - the +3 dagger of the Endless Expanse (weapon) {pain, rElec rPois Str-2 Dex+4}
   (You found it on level 4 of the Shoals)

   Str-2:     It affects your strength (-2).
   Dex+4:     It affects your dexterity (+4).
   rElec:     It insulates you from electricity.
   rPois:     It protects you from poison
 o - a +9 short sword of draining
Armour
 i - a +2 pair of gloves (worn)
 p - a +0 pair of boots (worn)
 q - a +0 cloak (worn)
 D - a +2 robe of willpower (worn)
 K - a +1 helmet (worn)
Jewellery
 c - a ring of positive energy
 m - a ring of see invisible (left hand)
 z - the amulet of Kujaf {Drain Regen+ Int+3}
   (You found it on level 2 of the Shoals)

   [amulet of regeneration]

   Int+3:     It affects your intelligence (+3).
   Regen+:    It increases your rate of health regeneration.
   Drain:     It drains your maximum health when unequipped.
 A - an amulet of magic regeneration
 B - a +5 ring of evasion
 C - the amulet "Qass" (around neck) {Regen+ Str-5 Dex+5}
   (You took it off a rakshasa on level 11 of the Dungeon)

   [amulet of regeneration]

   Str-5:     It affects your strength (-5).
   Dex+5:     It affects your dexterity (+5).
   Regen+:    It increases your rate of health regeneration.
 G - a +6 ring of strength
 L - a +6 ring of dexterity (right hand)
 W - a ring of poison resistance
 Z - a ring of positive energy
Wands
 a - a wand of flame (33)
 b - a wand of mindburst (16)
 f - a wand of roots (14)
 y - a wand of charming (23)
 S - a wand of acid (9)
 Y - a wand of polymorph (2)
Scrolls
 e - 3 scrolls of poison
 g - 11 scrolls of teleportation
 h - 5 scrolls of fear
 n - 2 scrolls of brand weapon
 w - 4 scrolls of amnesia
 x - 5 scrolls of revelation
 E - 14 scrolls of identify
 F - 4 scrolls of silence
 J - 2 scrolls of blinking
 M - a scroll of immolation
 Q - a scroll of fog
 U - a scroll of enchant armour
 X - a scroll of enchant weapon
Potions
 d - a potion of cancellation
 j - 6 potions of enlightenment
 l - 2 potions of resistance
 r - 5 potions of heal wounds
 s - 10 potions of curing
 t - 3 potions of attraction
 u - 4 potions of might
 v - 2 potions of brilliance
 I - 5 potions of lignification
 O - 3 potions of mutation
 P - 8 potions of ambrosia
 R - a potion of berserk rage


   Skills:
 + Level 20.7 Dodging
 - Level 1.7 Stealth
 + Level 19.5 Spellcasting
 + Level 23.0 Summonings


You had 36 spell levels left.
You knew the following spells:

 Your Spells              Type           Power      Damage    Failure   Level
a - Summon Small Mammal   Summ           100%       N/A       0%          1
b - Call Imp              Summ           100%       N/A       0%          2
c - Call Canine Familiar  Summ           100%       N/A       0%          3
d - Summon Guardian Gole  Hex/Summ       90%        N/A       1%          3
e - Summon Lightning Spi  Summ/Air       90%        N/A       1%          4
f - Summon Hydra          Summ           59%        N/A       1%          7

Your spell library contained the following spells:

 Spells                   Type           Power      Damage    Failure   Level
 Apportation              Tloc           74%        N/A       1%          1
 Freeze                   Ice            100%       1d10      1%          1
 Kiss of Death            Conj/Necr      100%       2d13      1%          1
 Necrotise                Necr           100%       1d9       1%          1
 Shock                    Conj/Air       100%       1d9       1%          1
 Slow                     Hex            100%       N/A       1%          1
 Cigotuvi's Dreadful Rot  Necr/Pois/Air  74%        N/A       1%          2
 Ensorcelled Hibernation  Hex/Ice        74%        N/A       1%          2
 Lesser Beckoning         Tloc           74%        N/A       1%          2
 Passwall                 Tmut/Erth      30%        N/A       1%          2
 Sublimation of Blood     Necr           37%        N/A       1%          2
 Wereblood                Tmut           37%        N/A       1%          2
 Confusing Touch          Hex            37%        N/A       2%          3
 Dazzling Flash           Conj/Hex       74%        N/A       2%          3
 Frozen Ramparts          Ice            74%        1d12      2%          3
 Gell's Gravitas          Tloc           37%        N/A       2%          3
 Hailstorm                Conj/Ice       37%        3d9       2%          3
 Ignite Poison            Fire/Tmut/Pois 37%        N/A       2%          3
 Sigil of Binding         Hex            37%        N/A       2%          3
 Swiftness                Air            37%        N/A       2%          3
 Teleport Other           Tloc           37%        N/A       2%          3
 Vampiric Draining        Necr           37%        2d8       2%          3
 Volatile Blastmotes      Fire/Tloc      74%        2d16      2%          3
 Haunt                    Necr/Summ      45%        N/A       6%          7
 Airstrike                Air            18%        2d(3-19)  8%          4
 Anguish                  Hex/Necr       18%        N/A       8%          4
 Animate Dead             Necr           37%        N/A       8%          4
 Brom's Barrelling Bould  Conj/Erth      37%        2d6       8%          4
 Cause Fear               Hex            18%        N/A       8%          4
 Olgreb's Toxic Radiance  Pois           37%        N/A       8%          4
 Agony                    Necr           37%        N/A       22%         5
 Alistair's Intoxication  Tmut/Pois      24%        N/A       22%         5
 Borgnjor's Vile Clutch   Necr/Erth      18%        N/A       22%         5
 Fireball                 Conj/Fire      18%        3d9       22%         5
 Freezing Cloud           Conj/Ice/Air   18%        6-21      22%         5
 Irradiate                Conj/Tmut      18%        3d17      22%         5
 Iskenderun's Battlesphe  Conj           37%        2d9       22%         5
 Conjure Ball Lightning   Conj/Air       18%        3x3d6     75%         6
 Eringya's Noxious Bog    Tmut/Pois      18%        4d6       75%         6
 Starburst                Conj/Fire      18%        6d7       75%         6
 Enfeeble                 Hex            18%        N/A       100%        7
 Orb of Destruction       Conj           18%        9d8       100%        7
 Discord                  Hex            18%        N/A       100%        8
 Ignition                 Fire           18%        3d7       100%        8
 Infestation              Necr           18%        N/A       100%        8
 Maxwell's Capacitive Co  Air            18%        ∞         100%        8


Dungeon Overview and Level Annotations

Branches:
Dungeon (15/15)            Temple (1/1) D:4            Lair (5/5) D:8
 Shoals (4/4) Lair:3       Spider (1/4) Lair:2        Slime (0/5) Lair:5
    Orc (2/2) D:9             Elf (1/3) Orc:2        Vaults (0/5) D:14
 Depths (0/4) D:15          Sewer (visited)         Ossuary (visited)

Altars:
Ashenzari
Cheibriados
Dithmenos
Elyvilon
Fedhas
Gozag
Hepliaklqana
Kikubaaqudgha
Makhleb
Nemelex Xobeh
Okawaru
Qazlal
Ru
Sif Muna
Trog
Uskayaw
Vehumet
Wu Jian
Xom
Yredelemnul
Zin
The Shining One
Jiyva
Lugonu

Shops:
D:1 *(:?=   D:9 *([(   Orc:2 [*(=   Shoals:1 (

Portals:
Abyss: Lair:5
Trove: D:11 (give +4 fire dragon scales)

Annotations:
D:15 3 runed translucent doors, niknal's ghost, journeyman TeWr
Lair:5 3 runed translucent doors, Gargoyl's ghost, journeyman GrBe


Innate Abilities, Weirdness & Mutations

You are amphibious.
You cover ground slowly.
You can hop long distances.
You have an extended range of vision and can be seen from far away.
You are partially covered in iridescent scales. (AC +2)
You are somewhat resistant to further mutation.
You are covered in fur. (AC +1)


Message History

Casting: Call Canine Familiar (safe; 0% risk of failure)
Confirm with . or Enter, or press ? or * to list all spells.
A seven-headed hydra appears.
The deep elf knight is no longer moving quickly.
The deep elf knight hits you with a +1 vampiric long sword!
* * * LOW HITPOINT WARNING * * *
The deep elf knight barely misses you.
The deep elf knight points at you and mumbles some strange words.
The shard of ice misses you.
The deep elf knight hits your seven-headed hydra with a +1 vampiric long sword!!
The deep elf knight barely misses your seven-headed hydra.
The deep elf knight hits your seven-headed hydra with a +1 vampiric long sword.
The deep elf knight hacks one of your seven-headed hydra's heads off!
Your six-headed hydra grows two more!
The deep elf knight hits your eight-headed hydra with a +1 vampiric long sword!!
You are ready to hop once more.
The deep elf knight hits your eight-headed hydra with a +1 vampiric long sword.
Your eight-headed hydra disappears in a puff of smoke!
Okay, then.
Hop to where?
Press: ? - help, Dir - move target Boing!
Magic courses through your body.
Casting: Summon Hydra (safe; 1% risk of failure)
Confirm with . or Enter, or press ? or * to list all spells.
A ten-headed hydra appears.
The deep elf knight casts a spell.
The deep elf knight seems to speed up.
Casting: Summon Hydra (safe; 1% risk of failure)
Confirm with . or Enter, or press ? or * to list all spells.
A four-headed hydra appears.
The deep elf knight gestures at you while chanting.
The shard of ice hits you!!
* * * LOW HITPOINT WARNING * * *
Casting: Summon Hydra (safe; 1% risk of failure)
Confirm with . or Enter, or press ? or * to list all spells.
An electric hum fills the air.
The deep elf knight gestures at you while chanting.
The lance of force hits you!!
You die...

#.#......######.. #.##.###.#
### ############ #.##.# #)# ##
.....##....######.##.###.# #.
......#.....)).))........## #.
............###...##......# #.
....).......# ##.###..###.# #.
............# ##e###''## '# #.
###.....#''####.@D.....# .. ##
###.....#..###.D............#
..'.....#..).'...8..........'
###.....).)..'.............###
##....###..#........#...## .
###### #..#.......###### .#
#..#......## # #..####'###
...# #.#


You could see a deep elf knight (fast, invisible), a friendly ten-headed hydra
(summoned), a friendly four-headed hydra (summoned) and a friendly lightning
spire (summoned).

Vanquished Creatures
  Erica (D:9)
  A dancing weapon (Elf:1)
  A death yak (Shoals:4)
  A deep elf pyromancer (Elf:1)
  A water nymph (Shoals:4)
  3 unseen horrors
  An air elemental (Shoals:4)
  A yak (D:10)
  A water moccasin (Lair:3)
  A bullfrog (D:10)
  3 killer bees
  An orc wizard (D:6)
  A frilled lizard (Sewer)
  A butterfly (Lair:4)
18 creatures vanquished.

Vanquished Creatures (collateral kills)
  Polyphemus (Shoals:4)
  Roxanne (Shoals:1)
  Donald (Orc:2)
  A storm dragon (Shoals:4)
  2 orc warlords
  Azrael (D:13)
  Nessos (D:14)
  Snorg (Orc:2)
  The ghost of Rakso2454 the Spear-Bearer, a journeyman DsBe of Trog (Lair:1)
  Josephine (D:13)
  5 merfolk javelineers
  A deep elf high priest (Elf:1)
  14 merfolk impalers
  A rakshasa (D:11)
  11 hydras
  2 vault guards
  7 centaur warriors
  6 catoblepae
  2 merfolk avatars
  5 satyrs
  3 merfolk aquamancers (Shoals:4)
  5 boulder beetles
  3 alligator snapping turtles
  8 two-headed ogres
  3 dancing weapons (Elf:1)
  2 thrashing horrors (Lair:5)
  Urug (D:13)
  4 death yaks
  2 large abominations (Lair:5)
  3 orc high priests (Orc:2)
  Sonja (D:13)
  4 deep elf knights (Elf:1)
  6 skysharks
  4 skeletal warriors (D:15)
  Amaemon (Lair:1)
  8 sea snakes
  8 deep elf archers (Elf:1)
  2 wizards
  A lindwurm (Lair:5)
  18 harpies
  6 orc knights
  A wolf spider zombie (D:15)
  A harpy (shapeshifter) (D:13)
  15 deep elf zephyrmancers (Elf:1)
  8 orc sorcerers
  17 manticores
  14 deep elf pyromancers
  2 necromancers
  17 fauns
  23 ugly things
  10 cyclopes
  A black mamba (Lair:5)
  9 merfolk sirens
  7 water nymphs
  9 elephants (Lair:5)
  2 centaur zombies (D:15)
  An orange demon (Lair:1)
  A gargoyle (D:12)
  2 smoke demons (Lair:5)
  A centaur skeleton (D:15)
  A torpor snail (Lair:1)
  Psyche (D:9)
  13 cane toads
  2 unseen horrors
  2 rime drakes (Lair:4)
  2 komodo dragons
  2 efreet
  2 polar bears (Lair:5)
  41 merfolk
  8 wind drakes
  6 trolls
  3 meliai (D:14)
  A wind drake (shapeshifter) (Lair:5)
  A queen bee (D:14)
  A hornet (D:4)
  19 blink frogs (Lair:5)
  A tarantella (shapeshifter) (Lair:5)
  3 raiju (Lair:5)
  3 air elementals
  8 dream sheep
  A shadow (D:9)
  9 snapping turtles
  Sigmund (D:2)
  7 slime creatures
  A centaur simulacrum (D:15)
  A ynoxinul (Lair:5)
  17 water elementals
  13 wyverns
  A nameless horror (Orc:2)
  6 wraiths
  32 yaks
  Eustachio (D:5)
  14 basilisks
  A human (shapeshifter) (Lair:5)
  20 humans (D:14)
  5 fire elementals
  4 vampire mosquitoes (D:12)
  A chaos spawn (Lair:5)
  3 redbacks (Lair:2)
  A steam dragon (D:7)
  A two-headed ogre zombie (D:9)
  A warg (D:15)
  4 hell hounds (D:13)
  9 water moccasins
  2 ice beasts
  3 sky beasts
  7 black bears
  32 orc warriors
  5 ogres
  2 phantoms
  11 centaurs
  4 kobold brigands
  Blork the orc (D:6)
  13 bullfrogs
  10 small abominations (Lair:5)
  A gnoll sergeant (D:10)
  6 scorpions
  20 wights
  30 killer bees
  A howler monkey (D:8)
  7 electric eels
  6 jellies
  18 orc priests
  3 gnoll boudas
  5 hounds
  Crazy Yiuf (D:2)
  5 iguanas
  18 hell rats
  26 orc wizards
  7 ogre zombies (D:9)
  A mummy (Ossuary)
  5 gnolls
  8 adders
  3 river rats (Sewer)
  4 white imps
  2 ufetubi (D:5)
  3 worms
  4 dart slugs
  55 orcs
  2 spectral bats (Ossuary)
  4 endoplasms
  7 giant cockroaches
  21 goblins
  14 hobgoblins
  13 jackals
  8 quokkas
  7 ball pythons
  12 bats
  5 bat simulacra (Ossuary)
  3 frilled lizards
  12 gnoll zombies (Ossuary)
  4 goblin simulacra (Ossuary)
  4 goblin skeletons (D:9)
  5 goblin zombies
  A hobgoblin skeleton (D:9)
  10 hobgoblin zombies
  20 kobolds
  3 kobold simulacra (Ossuary)
  3 kobold zombies (Ossuary)
  2 orc skeletons (D:9)
  16 orc zombies
  5 rats
  7 rat simulacra (Ossuary)
  6 spectral goblins (Ossuary)
  3 spectral kobolds (Ossuary)
  5 spectral rats (Ossuary)
1104 creatures vanquished.

Vanquished Creatures (others)
  2 two-headed ogres (D:10)
  A skyshark (Shoals:2)
  A wizard (D:14)
  A komodo dragon (Lair:5)
  A merfolk (Shoals:3)
  A wraith (D:10)
  5 yaks
  A human (D:14)
  An acid dragon (D:10)
  An orc warrior (D:10)
  3 black bears (D:10)
  A centaur (D:10)
  2 wights (D:7)
  7 killer bees
  2 gnolls (D:7)
  A hobgoblin zombie (D:9)
  An orc zombie (D:9)
32 creatures vanquished.

Grand Total: 1154 creatures vanquished

Notes
Turn   | Place    | Note
-------+----------+-------------------------------------------
     0 | D:1      | BinkBink the Barachi Summoner began the quest for the Orb.
     0 | D:1      | Reached XP level 1. HP: 13/13 MP: 3/3
   169 | D:1      | Reached skill level 5 in Summonings
   214 | D:1      | Found Doin's Antique Weapon Emporium.
   311 | D:1      | Found Ofemek's General Store.
   317 | D:1      | Reached XP level 2. HP: 19/19 MP: 2/5
   430 | D:1      | Found a faded altar of an unknown god.
   540 | D:1      | Found Toman's Book Boutique.
   664 | D:1      | Found Jumog's Jewellery Shop.
   678 | D:1      | Reached XP level 3. HP: 24/24 MP: 5/7
   743 | D:1      | Found Ulecw's Magic Scroll Emporium.
  1017 | D:1      | Learned a level 2 spell: Call Imp
  1091 | D:2      | Found a runed translucent door.
  1092 | D:2      | Noticed Crazy Yiuf
  1230 | D:2      | You fall into a shaft and drop 1 floor!
  1250 | D:3      | Found a blossoming altar of Fedhas.
  1463 | D:2      | Learned a level 3 spell: Call Canine Familiar
  2121 | D:2      | Reached XP level 4. HP: 30/30 MP: 1/9
  2165 | D:2      | Noticed Sigmund
  2269 | D:2      | Killed Sigmund
  2270 | D:2      | Reached skill level 6 in Summonings
  2270 | D:2      | Reached XP level 5. HP: 35/35 MP: 3/11
  2627 | D:3      | Reached XP level 6. HP: 41/41 MP: 8/12
  2902 | D:3      | Found a glowing golden altar of the Shining One.
  3246 | D:4      | Found a staircase to the Ecumenical Temple.
  3255 | Temple   | Entered the Ecumenical Temple
  3393 | D:4      | Reached skill level 7 in Summonings
  3419 | D:4      | Found a sand-covered staircase.
  3429 | Ossuary  | Entered an ossuary
  5080 | D:4      | Reached skill level 5 in Spellcasting
  5478 | D:4      | Noticed a hornet
  5512 | D:4      | Killed a hornet
  5513 | D:4      | Reached skill level 8 in Summonings
  5513 | D:4      | Reached XP level 7. HP: 26/46 MP: 0/15
  5960 | D:4      | Gained mutation: You are covered in fur. (AC +1) [potion of
                  | mutation]
  5960 | D:4      | Gained mutation: You are partially covered in iridescent
                  | scales. (AC +2) [potion of mutation]
  5960 | D:4      | Gained mutation: You are somewhat resistant to further
                  | mutation. [potion of mutation]
  6113 | D:4      | Learned a level 3 spell: Summon Guardian Golem
  6147 | D:5      | Entered Level 5 of the Dungeon
  6433 | D:5      | Noticed Eustachio
  6531 | D:5      | Killed Eustachio
  6532 | D:5      | Reached XP level 8. HP: 42/52 MP: 1/17
  7143 | D:5      | Reached skill level 5 in Dodging
  7143 | D:5      | Reached skill level 9 in Summonings
  7303 | D:5      | Identified the +2 helmet of Decaying Beauty {-Tele rN+++
                  | Str-4 Int+2}
  7644 | D:1      | Bought a glowing short sword for 150 gold pieces
  8333 | D:6      | Found a glowing drain.
  8342 | Sewer    | Entered a sewer
  9353 | D:6      | Reached XP level 9. HP: 54/57 MP: 6/20
  9554 | D:6      | Reached skill level 10 in Summonings
  9631 | D:6      | Noticed Blork the orc
  9640 | D:6      | Killed Blork the orc
  9746 | D:6      | Found an ornate altar of the Wu Jian Council.
  9776 | D:6      | Found a sacrificial altar of Ru.
 10452 | D:7      | Found an iron altar of Okawaru.
 10909 | D:7      | Noticed a two-headed ogre
 10937 | D:7      | Killed a two-headed ogre
 10938 | D:7      | Reached skill level 11 in Summonings
 10938 | D:7      | Reached XP level 10. HP: 38/63 MP: 10/22
 11622 | D:8      | Found a snail-covered altar of Cheibriados.
 11663 | D:8      | Became a worshipper of Cheibriados the Contemplative
 11669 | D:8      | Learned a level 4 spell: Summon Lightning Spire
 11774 | D:8      | Reached * piety under Cheibriados
 12154 | D:8      | Reached skill level 12 in Summonings
 12450 | D:8      | Found a staircase to the Lair.
 12500 | D:9      | Found Azawua Estrou's Weapon Emporium.
 12701 | D:9      | Reached ** piety under Cheibriados
 12837 | D:9      | Found Rewysmul's Armour Emporium.
 12876 | D:9      | Found Noozoac's Assorted Antiques.
 12901 | D:9      | Noticed Psyche
 12918 | D:9      | Killed Psyche
 13057 | D:9      | Reached skill level 10 in Spellcasting
 13214 | D:9      | Found Mieqeas's Antique Weapon Shop.
 13324 | D:9      | Noticed Erica
 13345 | D:9      | Killed Erica
 13346 | D:9      | Reached skill level 10 in Dodging
 13346 | D:9      | Reached XP level 11. HP: 43/68 MP: 16/25
 13361 | D:9      | Reached *** piety under Cheibriados
 13532 | D:9      | Reached skill level 13 in Summonings
 13655 | D:9      | Found a staircase to the Orcish Mines.
 14034 | D:10     | Entered Level 10 of the Dungeon
 14149 | D:10     | Reached **** piety under Cheibriados
 14404 | D:10     | Noticed a two-headed ogre
 14409 | D:10     | Killed a two-headed ogre
 15406 | D:10     | Noticed a two-headed ogre
 15415 | D:10     | Killed a two-headed ogre
 15416 | D:10     | Reached ***** piety under Cheibriados
 15417 | D:10     | Reached skill level 14 in Summonings
 15613 | D:10     | Identified the +1 scale mail of the Pink Corner {+Blink
                  | Str+3}
 15636 | D:10     | Noticed a two-headed ogre
 15645 | D:10     | Killed a two-headed ogre
 15646 | D:10     | Reached XP level 12. HP: 74/74 MP: 15/27
 16378 | D:10     | Found a glowing silver altar of Zin.
 16913 | D:10     | Noticed a two-headed ogre
 16923 | D:10     | Killed a two-headed ogre
 17272 | D:10     | Identified a scroll of acquirement
 17273 | D:10     | Acquired a book of Blood
 17283 | D:10     | Learned a level 7 spell: Summon Hydra
 17337 | D:11     | Noticed a rakshasa
 17457 | D:11     | Noticed a two-headed ogre
 17461 | D:11     | Killed a two-headed ogre
 17592 | D:11     | Identified the amulet "Qass" {Regen+ Str-5 Dex+5}
 17606 | D:11     | Killed a rakshasa
 17869 | Orc:1    | Entered Level 1 of the Orcish Mines
 18034 | Orc:2    | Entered Level 2 of the Orcish Mines
 18209 | Orc:2    | Found a staircase to the Elven Halls.
 18409 | Orc:2    | Reached skill level 15 in Summonings
 18412 | Orc:2    | Noticed Donald
 18731 | Orc:1    | Found a transporter.
 18941 | Orc:1    | Found a transporter.
 18942 | Orc:1    | Found an ornate altar of the Wu Jian Council.
 18942 | Orc:1    | Noticed an orc warlord
 19052 | Orc:1    | Noticed a two-headed ogre
 19053 | Orc:1    | Killed a two-headed ogre
 19056 | Orc:1    | Reached ****** piety under Cheibriados
 19155 | Orc:1    | Found an ornate altar of the Wu Jian Council.
 19155 | Orc:1    | Found a transporter.
 19162 | Orc:1    | Found a transporter.
 19295 | Orc:2    | Killed Donald
 19730 | Orc:2    | Noticed an orc high priest
 19738 | Orc:2    | Killed an orc high priest
 19739 | Orc:2    | Noticed Snorg
 20287 | Orc:1    | Gained mutation: You can hop long distances. [Barachi
                  | growth]
 20287 | Orc:1    | Reached XP level 13. HP: 39/79 MP: 10/29
 20430 | Orc:2    | Killed Snorg
 20700 | Orc:2    | Noticed an orc warlord
 20707 | Orc:2    | Killed an orc warlord
 20708 | Orc:2    | Reached skill level 16 in Summonings
 22117 | Orc:2    | Found Wabestingid's General Store.
 22118 | Orc:2    | Found Ykuntiom's Jewellery Emporium.
 22120 | Orc:2    | Found Pogruluv's Antique Armour Shoppe.
 22120 | Orc:2    | Found Ybenan's Antique Weapon Shoppe.
 22136 | Orc:2    | Bought a +5 ring of evasion for 432 gold pieces
 22530 | Lair:1   | Entered Level 1 of the Lair of Beasts
 22585 | Lair:1   | Found a large runed translucent door.
 22586 | Lair:1   | Found a large runed translucent door.
 22619 | Lair:1   | Noticed Rakso2454's ghost (journeyman DsBe)
 23010 | Lair:1   | Noticed Amaemon
 23015 | Lair:1   | Killed Amaemon
 23847 | Lair:2   | Found a hole to the Spider Nest.
 24789 | Lair:3   | Reached skill level 17 in Summonings
 24800 | Lair:3   | Reached XP level 14. HP: 65/85 MP: 4/32
 25125 | Lair:3   | Found a staircase to the Shoals.
 26516 | Lair:4   | Identified the +0 robe of the Eight Boll Weevils {Contam
                  | rPois SInv}
 26803 | Lair:4   | Reached skill level 15 in Dodging
 28681 | Lair:5   | Entered Level 5 of the Lair of Beasts
 28681 | Lair:5   | Found a viscous altar of Jiyva.
 28681 | Lair:5   | Found a staircase to the Slime Pits.
 28878 | Lair:5   | Reached skill level 15 in Spellcasting
 28878 | Lair:5   | Reached skill level 18 in Summonings
 29455 | Lair:5   | Found a runed translucent gate.
 29455 | Lair:5   | Found a runed translucent gate.
 29456 | Lair:5   | Found a runed translucent gate.
 30616 | Lair:5   | Reached XP level 15. HP: 90/90 MP: 2/34
 31769 | Lair:5   | Found a corrupted altar of Lugonu.
 31769 | Lair:5   | Found a one-way gate to the infinite horrors of the Abyss.
 31890 | Lair:5   | Noticed Gargoyl's ghost (journeyman GrBe)
 32254 | D:2      | Killed Crazy Yiuf
 32565 | Shoals:1 | Entered Level 1 of the Shoals
 32788 | Shoals:1 | Reached skill level 19 in Summonings
 33536 | Shoals:1 | Noticed Roxanne
 33544 | Shoals:1 | Killed Roxanne
 34496 | Shoals:1 | Found Kisuigh's Antique Weapon Shop.
 35565 | D:11     | Found a portal to a secret trove of treasure.
 36301 | Orc:2    | Bought a +6 ring of dexterity for 432 gold pieces
 36948 | D:12     | Reached XP level 16. HP: 96/96 MP: 22/36
 38148 | D:13     | Noticed Urug
 38163 | D:13     | Killed Urug
 38268 | D:13     | Noticed Sonja
 38270 | D:13     | Killed Sonja
 38419 | D:13     | Noticed Azrael
 38427 | D:13     | Reached skill level 20 in Summonings
 38430 | D:13     | Killed Azrael
 38633 | D:13     | Noticed Josephine
 38640 | D:13     | Killed Josephine
 38995 | D:14     | Noticed Nessos
 39435 | D:14     | Killed Nessos
 41444 | D:14     | Found a gate to the Vaults.
 41534 | D:15     | Entered Level 15 of the Dungeon
 42086 | D:15     | Found a staircase to the Depths.
 42716 | D:15     | Found a runed translucent gate.
 42716 | D:15     | Found a runed translucent gate.
 42716 | D:15     | Found a runed translucent gate.
 42718 | D:15     | Noticed niknal's ghost (journeyman TeWr)
 42722 | D:15     | Found an iron altar of Okawaru.
 42744 | D:15     | Reached skill level 21 in Summonings
 42749 | D:15     | Reached XP level 17. HP: 101/101 MP: 25/38
 43520 | Lair:1   | Killed Rakso2454's ghost
 44037 | Elf:1    | Entered Level 1 of the Elven Halls
 45032 | Shoals:2 | Identified the amulet of Kujaf {Drain Regen+ Int+3}
 47389 | Shoals:3 | Reached skill level 22 in Summonings
 47768 | Shoals:3 | Identified the +2 mace of the Endless Expanse {protect,
                  | rC+}
 48583 | Shoals:4 | Entered Level 4 of the Shoals
 48727 | Shoals:4 | Reached XP level 18. HP: 107/107 MP: 27/40
 49547 | Shoals:4 | Noticed Polyphemus
 49555 | Shoals:4 | Killed Polyphemus
 49702 | Shoals:4 | Identified the +3 dagger of the Endless Expanse {pain,
                  | rElec rPois Str-2 Dex+4}
 49705 | Shoals:4 | Got a barnacled rune of Zot
 52452 | Spider:1 | Entered Level 1 of the Spider Nest
 53204 | Elf:1    | Got an exquisite book
 53520 | Elf:1    | Paralysed by an air elemental for 1 turns
 53781 | Elf:1    | Found an ancient bone altar of Kikubaaqudgha.
 53796 | Elf:1    | Reached skill level 23 in Summonings
 53866 | Elf:1    | Killed from afar by a deep elf knight

Illustrated notes

Levels and vault maps discovered:
D:1:      roderic_dead_forest, layout_basic, serial_shops,
          nicolae_shop_gaudy_bauble, nicolae_shop_hallway_plus,
          nicolae_shop_stone, shop, shop, dreamdust_ecumenical_altar_statues
D:2:      minmay_chambers_of_ones, layout_rooms, uniq_crazy_yiuf_cottage,
          uniq_sigmund
D:3:      layout_loops_ring, tso_metal_star, fedhas_altar_3
D:4:      cheibrodos_barr_body, layout_loops_corners,
          minmay_temple_entry_glassed_door, enter_ossuary_3,
          minmay_ogre_servants
D:5:      layout_basic, uniq_eustachio
D:6:      layout_gridville, nicolae_ru_the_path_less_chosen, marbit_many_paths,
          gup_sewer_entry_bubbles, uniq_blork_the_orc
D:7:      layout_rooms, mainiacjoe_overflow_paths, due_unseen_surprise
D:8:      nicolae_BIG_FREAKIN_CUBE, layout_loops_cross, cheibriados_altar_1,
          lair_entry_dummy, minivault_27
D:9:      layout_basic, zombieorc2_lemuel, serial_shops,
          nicolae_shop_window_shopping, shop, shop, shop, roderic_malta_cross,
          uniq_psyche, uniq_erica
D:10:     kennysheep_town
D:11:     layout_loops_ring, enter_trove_5, minmay_diamond_spiral
D:12:     layout_cave_pods, minmay_misc_feat_five
D:13:     layout_rooms, uniq_josephine, uniq_azrael, uniq_urug, uniq_sonja
D:14:     layout_loops_ring, grunt_vaults_entry_tiered, special_room
          [special_room_bee], uniq_nessos
D:15:     grunt_enter_depths_magical_seal, layout_long_grid,
          gammafunk_ghost_fury_of_okawaru, nicolae_wwwww
Temple:   kb_temple_of_zot
Lair:1:   layout_roguey, ebering_ghost_disaster_area, uniq_amaemon
Lair:2:   layout_chaotic_city, spider_nest_entry_webs
Lair:3:   layout_misc_corridors, minmay_shoals_entry_centaurs
Lair:4:   layout_cave_pods, gauntlet_entry_generic, special_room
          [special_room_mythical_zoo], lemuel_fruit_fields, serial_bayou_shore_b
Lair:5:   hellmonk_lair_end_abyssal_woods, layout_misc_corridors, slime_entry_1,
          gammafunk_ghost_necromancy, minmay_hedge_maze, grunt_megastairs_1,
          serial_bayou_shore_a
Shoals:1: layout_shoals, serial_shops, nicolae_shop_rolling_square, uniq_roxanne
Shoals:2: layout_shoals
Shoals:3: layout_shoals, nicolae_shoals_nautilus_by_nature,
          nicolae_shoals_lost_giant_amphitheater
Shoals:4: shoals_end_hellmonk_storm_palace [storm_palace_center_square,
          storm_palace_corner_narrow, storm_palace_corner_narrow,
          storm_palace_corner_grid, storm_palace_corner_narrow], uniq_polyphemus
Spider:1: layout_spider_delve, gammafunk_ghost_grave, drop_trap
Orc:1:    dreamdust_wu_jian_sword_trials, layout_diamond_mine
Orc:2:    st_orc_congregation, layout_caves, uniq_snorg, uniq_donald
Elf:1:    eino_elf_arrival_the_gate, layout_gridlike, basic_altar,
          portal_desolation_entry_nicolae_forbidding_blocks,
          hangedman_elf_represent

Skill      XL: |  1  2  3  4  5  6  7  8  9 10 11 12 13 14 15 16 17 18 |
---------------+-------------------------------------------------------+-----
Summonings     | 5 6 8 9 11 12 14 15 17 18 19 21 22 23 | 23.0
Spellcasting   | 3 4 5 6 7 8 10 11 12 14 15 16 17 18 19 | 19.5
Dodging        | 3 4 6 8 10 11 13 14 16 17 18 19 20 | 20.7
Stealth        | |  1.7

Action                     |  1- 3 |  4- 6 |  7- 9 | 10-12 | 13-15 | 16-18 || total
---------------------------+-------+-------+-------+-------+-------+-------++-------
  Melee: Unarmed           |     8 |     1 |     2 |       |       |       ||    11
         Short sword       |       |       |    15 |    22 |    12 |    27 ||    76
         Dagger            |       |       |       |       |       |    28 ||    28
         Punch             |       |       |       |       |       |     1 ||     1
   Cast: Summon Small Mamm |    64 |    23 |    45 |    20 |     2 |       ||   154
         Call Imp          |    15 |    37 |    64 |    82 |     2 |     7 ||   207
         Call Canine Famil |       |    45 |    64 |    90 |    18 |    31 ||   248
         Summon Guardian G |       |       |     4 |    36 |    11 |     4 ||    55
         Summon Lightning  |       |       |       |    36 |    39 |    58 ||   133
         Summon Hydra      |       |       |       |    43 |   269 |   360 ||   672
Ability: Hop               |       |       |     1 |     4 |     6 |     5 ||    16
    Use: Potion            |       |     2 |     5 |       |     2 |     4 ||    13
         Scroll            |       |     1 |    11 |    14 |     6 |     7 ||    39
   Stab: Distracted        |       |       |       |       |       |     6 ||     6
 Armour: Robe              |    48 |    42 |    75 |    93 |   124 |   149 ||   531
  Dodge: Dodged            |    57 |    49 |    84 |   182 |   383 |   636 ||  1391

Table legend: (Time is in decaauts)
 A = Elapsed time spent in this place.
 B = Non-inter-level travel time spent in this place.
 C = Inter-level travel time spent in this place.
 D = Time resting spent in this place.
 E = Time spent auto-exploring this place.
 F = Levels seen in this place.
 G = Mean time per level.
                   A        B        C        D        E       F      G
               +--------+--------+--------+--------+--------+-----+--------+
         Total |  77142 |  64704 |  12438 |   3009 |  51709 |  31 | 2488.5 |
       Dungeon |  37143 |  29896 |   7247 |   1083 |  24007 |  15 | 2476.2 |
        Temple |     45 |      2 |     43 |      0 |      0 |   1 |   45.0 |
          Lair |  15226 |  12658 |   2568 |    284 |  11035 |   5 | 3045.2 |
        Shoals |  12901 |  11987 |    914 |    111 |  10258 |   4 | 3225.2 |
   Spider Nest |      1 |      0 |      1 |      0 |      0 |   1 |    1.0 |
  Orcish Mines |   7355 |   5737 |   1618 |   1047 |   3704 |   2 | 3677.5 |
   Elven Halls |   2224 |   2181 |     43 |    341 |   1317 |   1 | 2224.0 |
         Sewer |    993 |    993 |      0 |    143 |    492 |   1 |  993.0 |
       Ossuary |   1251 |   1251 |      0 |      0 |    892 |   1 | 1251.0 |
               +--------+--------+--------+--------+--------+-----+--------+

Top non-repeatable levels by time:
    D:10: 4965 daAuts
  Lair:5: 4152 daAuts
   Orc:1: 3885 daAuts
    D:14: 3828 daAuts
Shoals:4: 3787 daAuts
  Lair:4: 3603 daAuts
     D:8: 3544 daAuts
   Orc:2: 3470 daAuts
Shoals:1: 3242 daAuts
Shoals:3: 2993 daAuts
     D:9: 2976 daAuts
Shoals:2: 2878 daAuts
  Lair:2: 2730 daAuts
  Lair:1: 2655 daAuts
    D:11: 2643 daAuts
